 Dungeon Crawl Stone Soup version 0.18.1-8-gdd0e5ea (webtiles) character file.

15309 dvd the Cleaver (level 12, 0/108 HPs)
             Began as a Hill Orc Gladiator on June 6, 2016.
             Was a High Priest of Beogh.
             Slain by a killer bee (13 damage)
             ... on level 3 of the Lair of Beasts.
             The game lasted 00:40:37 (14536 turns).

dvd the Cleaver (Hill Orc Gladiator)               Turns: 14536, Time: 00:40:38

Health: 0/108      AC: 15    Str: 23    XL:     12   Next: 25%
Magic:  13/13      EV: 14    Int:  8    God:    Beogh [*****.]
Gold:   308        SH:  5    Dex: 13    Spells: 0 memorised, 11 levels left

rFire  . . .     SeeInvis .     a - +1 war axe
rCold  . . .     Gourm    .     g - +1 scale mail {rPois}
rNeg   . . .     Faith    +     E - +0 buckler (curse)
rPois  +         Spirit   .     H - +2 hat {MR+}
rElec  .         Dismiss  .     (no cloak)
rCorr  .         Reflect  .     J - +0 pair of gloves (curse)
SustAt +         Harm     .     K - +0 pair of boots
MR     +....                    G - amulet of faith
Stlth  ..........               F - ring of sustain attributes
                                o - +2 ring of strength

@: about to teleport, very slightly contaminated, invisible, somewhat resistant
to hostile enchantments, extremely unstealthy
A: walk on water
a: Smiting, Recall Orcish Followers, Give Item to Named Follower, Renounce
Religion


You were on level 3 of the Lair of Beasts.
You worshipped Beogh.
Beogh was extremely pleased with you.
You were not hungry.

You visited 3 branches of the dungeon, and saw 14 of its levels.

You collected 568 gold pieces.
You spent 260 gold pieces at shops.

Inventory:

Hand Weapons
 a - a +1 war axe (weapon)
 n - a +0 spear of venom
 p - a -1 broad axe
 s - a +0 antimagic spear
 I - a +0 halberd of protection
 M - a +1 spear of flaming
 P - a +1 flail of protection
 Q - a +2 whip of venom
 S - a +0 battleaxe
Armour
 g - a +1 scale mail of poison resistance (worn)
 D - a +0 helmet
 E - a cursed +0 buckler (worn)
 H - a +2 hat of magic resistance (worn)
 J - a cursed +0 pair of gloves (worn)
 K - a +0 pair of boots (worn)
 N - a +0 shield
 O - a +0 shield
Rods
 r - a +0 rod of shadows (10/10)
   (You found it on level 8 of the Dungeon)
Jewellery
 o - a +2 ring of strength (left hand)
 u - an uncursed ring of wizardry
 B - an uncursed ring of stealth
 F - a ring of sustain attributes (right hand)
 G - an amulet of faith (around neck)
Wands
 k - a wand of flame (31/48)
 q - a wand of confusion (2/48)
 w - a wand of slowing (29/48)
 y - a wand of flame (38/48)
 A - a wand of iceblast (6/15)
 C - a wand of lightning (9/15)
 L - a wand of confusion (38/48)
 T - a wand of flame (24/48)
 V - a wand of lightning (8/15)
Scrolls
 b - a scroll of teleportation
 h - 3 scrolls of enchant weapon
 l - a scroll of recharging
 m - 6 scrolls of identify
 v - a scroll of magic mapping
 R - a scroll of blinking
Potions
 e - a potion of flight
 j - 2 potions of haste
 x - 3 potions of curing
 z - a potion of heal wounds
Comestibles
 c - 15 fruits
 d - 2 beef jerkies
 f - 7 bread rations
 i - 3 meat rations
 t - 2 chunks of flesh


   Skills:
 + Level 10.8 Fighting
 + Level 13.1(13.3) Axes
 + Level 3.4(8.0) Maces & Flails
 + Level 1.0(7.2) Polearms
 + Level 2.0 Throwing
 + Level 9.6 Armour
 + Level 8.4 Dodging
 + Level 5.1 Shields
 + Level 2.3 Invocations
 + Level 1.6 Evocations


You had 11 spell levels left.
You didn't know any spells.

Dungeon Overview and Level Annotations

Branches:
Dungeon (10/15)            Temple (1/1) D:7            Lair (3/8) D:8
    Orc (0/2) D:9
  Swamp: Lair:3-6    Shoals: Lair:3-6     Snake: Lair:3-6    Spider: Lair:3-6

Altars:
Ashenzari
Cheibriados
Dithmenos
Elyvilon
Fedhas
Gozag
Kikubaaqudgha
Makhleb
Nemelex Xobeh
Okawaru
Pakellas
Qazlal
Ru
Sif Muna
Trog
Vehumet
Xom
Yredelemnul
Zin
The Shining One

Shops:
D:4 [   D:8 }   D:9 *[

Annotations:
D:9 dvd's ghost, novice HOGl
D:10 Fannar


Message History

The killer bee stings you. The queen bee stings you!
* * * LOW HITPOINT WARNING * * *
The killer bee stings you but does no damage.
The killer bee stings you!
* * * LOW HITPOINT WARNING * * *
The queen bee barely misses you.
A killer bee comes into view.
The killer bee completely misses you. The killer bee barely misses you.
You hear an angry buzzing noise.
The killer bee stings you but does no damage.
The killer bee stings you.
* * * LOW HITPOINT WARNING * * *
The killer bee stings you.
* * * LOW HITPOINT WARNING * * *
Unknown command.
Read which item? (? for menu, Esc to quit)
As you read the scroll of teleportation, it crumbles to dust.
You feel strangely unstable.
The killer bee is no longer berserk.
The killer bee barely misses you. The killer bee stings you!
You die...

.................
.................
...................
...............(....
.....................
..............y.......
............yy........
............y##.#####.
P..........y@#


%yy .#...........# yyyyy .............# y.yy.# ............)# yyy.%# ....
.............# %...%#..... .............# ....%#........
.............########........ .............................
...................<........≈ You could see 5 killer bees.

Vanquished Creatures
  Gastronok (Lair:1)
  A hydra (Lair:1)
  A griffon (Lair:2)
  A centaur zombie (D:5)
  A black mamba (Lair:2)
  4 spiny frogs
  A rime drake (Lair:2)
  2 komodo dragons (Lair:2)
  A two-headed ogre (D:10)
  A troll (D:9)
  4 blink frogs
  12 yaks
  A basilisk (D:8)
  4 hippogriffs
  6 water moccasins
  3 porcupines (Lair:1)
  4 orc warriors
  2 black bears
  4 ice beasts
  A necrophage (D:6)
  6 ogres
  2 centaurs
  3 wolves (Lair:2)
  4 crocodiles
  6 big kobolds
  6 giant frogs
  3 gnoll sergeants (D:9)
  A scorpion (D:8)
  3 wights (D:9)
  6 killer bees
  12 howler monkeys
  2 crimson imps
  2 giant frog skeletons
  6 orc priests
  2 centaur skeletons
  A gnoll shaman (D:8)
  5 hounds
  6 orc wizards
  Jessica (D:2)
  6 iguanas
  8 worker ants
  Robin (D:2)
  A howler monkey skeleton (D:5)
  11 gnolls
  10 adders
  16 river rats
  An ooze (D:3)
  2 adder zombies
  An adder skeleton (D:6)
  4 worms
  A dart slug (D:3)
  3 giant geckos
  20 orcs
  5 bats
  5 giant cockroaches
  18 goblins
  14 hobgoblins
  17 jackals
  A quokka (D:3)
  A ball python (D:5)
  A giant cockroach zombie (D:6)
  3 giant newts
  A jackal zombie (D:6)
  11 kobolds
  12 rats
  A plant (Lair:1)
307 creatures vanquished.

Vanquished Creatures (collateral kills)
  An orc warrior (D:8)
  2 orc wizards
  A howler monkey zombie (D:10)
  2 jackals (D:8)
6 creatures vanquished.

Vanquished Creatures (others)
  An orc priest (D:10)
  An orc warrior (D:10)
  A hound (D:5)
  An orc wizard (D:9)
  7 orcs
  A hound skeleton (D:5)
  A fungus (Lair:1)
13 creatures vanquished.

Grand Total: 326 creatures vanquished

Notes
Turn   | Place    | Note
--------------------------------------------------------------
     0 | D:1      | dvd the Hill Orc Gladiator began the quest for the Orb.
     0 | D:1      | Reached XP level 1. HP: 18/18 MP: 1/1
    32 | D:1      | Reached XP level 2. HP: 9/25 MP: 2/2
   963 | D:1      | Reached XP level 3. HP: 30/30 MP: 3/3
  1380 | D:2      | Noticed Robin
  1388 | D:2      | Reached skill level 1 in Armour
  1399 | D:2      | Reached XP level 4. HP: 18/37 MP: 4/4
  1503 | D:2      | Killed Robin
  1503 | D:2      | Reached skill level 5 in Axes
  1864 | D:2      | Noticed Jessica
  1869 | D:2      | Killed Jessica
  2264 | D:2      | Reached XP level 5. HP: 39/44 MP: 5/5
  3150 | D:4      | Reached XP level 6. HP: 37/52 MP: 6/6
  3365 | D:4      | Found a bloodstained altar of Trog.
  3531 | D:4      | Found Plog's Armour Shoppe.
  4093 | D:5      | Entered Level 5 of the Dungeon
  4176 | D:5      | Reached skill level 6 in Axes
  4176 | D:5      | Reached XP level 7. HP: 54/59 MP: 7/7
  4203 | D:5      | Noticed Blork the orc
  4207 | D:5      | Became a worshipper of Beogh the Brigand
  4345 | D:5      | Noticed a moth of wrath
  4347 | D:5      | Found a bloodstained altar of Trog.
  4693 | D:5      | Reached skill level 5 in Fighting
  4693 | D:5      | Reached skill level 7 in Axes
  4693 | D:5      | Reached XP level 8. HP: 13/68 MP: 8/8
  4727 | D:5      | Reached skill level 5 in Armour
  5744 | D:6      | Reached skill level 8 in Axes
  5855 | D:6      | Reached skill level 5 in Dodging
  5910 | D:6      | Reached * piety under Beogh
  6037 | D:6      | Found a blossoming altar of Fedhas.
  6037 | D:6      | Found a sparkling altar of Nemelex Xobeh.
  6146 | D:7      | Reached XP level 9. HP: 78/78 MP: 9/9
  6392 | D:7      | Found a staircase to the Ecumenical Temple.
  6401 | Temple   | Entered the Ecumenical Temple
  6830 | D:7      | Reached skill level 9 in Axes
  7309 | D:8      | Found Utwurot's Gadget Boutique.
  7320 | D:8      | Reached ** piety under Beogh
  7351 | D:8      | Identified a +0 rod of shadows (10/10) (You found it on level 8 of the Dungeon)
  7394 | D:8      | Reached skill level 10 in Axes
  8056 | D:8      | Reached XP level 10. HP: 86/88 MP: 10/10
  8068 | D:8      | Found a staircase to the Lair.
  8572 | D:9      | Noticed dvd's ghost (novice HOGl)
  8584 | D:9      | Reached skill level 1 in Evocations
  8945 | Lair:1   | Entered Level 1 of the Lair of Beasts
  8945 | Lair:1   | Noticed a spiny frog
  8963 | D:8      | Reached skill level 1 in Invocations
  9045 | Lair:1   | Killed a spiny frog
  9045 | Lair:1   | Reached skill level 11 in Axes
  9045 | Lair:1   | Reached skill level 1 in Shields
  9242 | Lair:1   | Noticed Gastronok
  9423 | D:9      | Found Xippiucs's Antique Armour Boutique.
  9426 | D:9      | Bought a pair of embroidered gloves for 130 gold pieces
  9431 | D:9      | Bought a pair of boots for 130 gold pieces
  9600 | D:9      | Reached *** piety under Beogh
  9854 | D:9      | Found Zeten's Elemental Accessories.
 10342 | D:9      | Found a staircase to the Orcish Mines.
 10764 | D:10     | Entered Level 10 of the Dungeon
 10768 | D:10     | Noticed Fannar
 10924 | D:10     | Reached skill level 1 in Polearms
 11284 | D:9      | Reached XP level 11. HP: 97/97 MP: 12/12
 11381 | Lair:1   | Killed Gastronok
 11381 | Lair:1   | Reached skill level 12 in Axes
 11539 | Lair:1   | Noticed an eight-headed hydra
 11554 | Lair:1   | Killed an eight-headed hydra
 12394 | Lair:1   | Reached **** piety under Beogh
 13073 | Lair:2   | Reached skill level 10 in Fighting
 13641 | Lair:2   | Reached XP level 12. HP: 87/106 MP: 13/13
 14262 | Lair:2   | Reached skill level 13 in Axes
 14348 | Lair:2   | Reached skill level 5 in Shields
 14366 | Lair:3   | Reached ***** piety under Beogh
 14536 | Lair:3   | Slain by a killer bee

Skill      XL: |  1  2  3  4  5  6  7  8  9 10 11 12 |
---------------+-------------------------------------+-----
Throwing       | 2 |  2.0
Armour         | 1 2 3 4 6 7 8 9 |  9.6
Dodging        | 3 4 5 6 7 8 |  8.4
Axes           | 5 6 7 8 10 11 12 13 | 13.1
Fighting       | 3 4 5 6 8 9 10 | 10.8
Evocations     | 1 |  1.6
Invocations    | 2 |  2.3
Shields        | 1 4 5 |  5.1
Polearms       | 1 |  1.0
Maces & Flails | 3 |  3.4

Action                   |  1- 3 |  4- 6 |  7- 9 | 10-12 || total
-------------------------+-------+-------+-------+-------++-------
Melee: War axe           |   101 |   213 |   356 |   468 ||  1138
       Spear             |       |       |       |    54 ||    54
       Flail             |       |       |       |   117 ||   117
Invok: Convert to Beogh  |       |       |     1 |       ||     1
       Smiting           |       |       |       |     8 ||     8
Evoke: Wand              |       |       |    12 |    20 ||    32
       Rod               |       |       |     2 |       ||     2
  Use: Scroll            |       |       |    13 |    10 ||    23
       Potion            |       |       |    11 |     5 ||    16
 Stab: Confused          |       |       |     4 |     6 ||    10
       Invisible         |       |       |       |     3 ||     3
  Eat: Chunk             |     2 |     8 |    13 |     5 ||    28
       Royal jelly       |       |       |     1 |       ||     1
       Bread ration      |       |       |       |     2 ||     2
       Meat ration       |       |       |       |     1 ||     1
       Pizza             |       |       |       |     1 ||     1
       Beef jerky        |       |       |       |     1 ||     1
       Fruit             |       |       |       |     1 ||     1
Armor: Leather armour    |    48 |     3 |       |       ||    51
       Ring mail         |       |    70 |    34 |       ||   104
       Scale mail        |       |       |   107 |   305 ||   412
       Skin              |       |       |     1 |       ||     1
Dodge: Dodged            |    85 |   148 |   255 |   427 ||   915
Block: Buckler           |       |       |     9 |   143 ||   152
